TOP OF THE 1ST |
Chula Vista Tacos batting - Pitching for Salem Sledgehammers : RHP Emery Graham
|
Pitching: RHP Emery Graham
|
|
Batting: SHB Brian Price
|
0-0: Called Strike 0-1: Ball 1-1: Swinging Strike 1-2: Strikes out swinging
|
Batting: SHB Adrián Nieto
|
0-0: Swinging Strike 0-1: Ball 1-1: Called Strike 1-2: Strikes out swinging
|
Batting: LHB Mario Olivares
|
0-0: Ball 1-0: Called Strike 1-1: Foul Ball, location: 2F 1-2: Ball 2-2: Strikes out looking
|
Top of the 1st over - 0 run(s), 0 hit(s), 0 error(s), 0 left on base; Chula Vista 0 - Salem 0 |
BOTTOM OF THE 1ST |
Salem Sledgehammers batting - Pitching for Chula Vista Tacos : RHP Luis Trevino
|
Pitching: RHP Luis Trevino
|
|
Batting: RHB William Richardson
|
0-0: Called Strike 0-1: Fly out, F8 (Flyball, 8RM)
|
Batting: RHB Brandon Pope
|
0-0: Ball 1-0: Ground out 5-3 (Groundball, 56)
|
Batting: SHB Lee Townsend
|
0-0: Ball 1-0: Swinging Strike 1-1: Called Strike 1-2: Reached on Error, E9 (Line Drive, 9S)
|
Batting: RHB Earnest Finnegan
|
0-0: Called Strike 0-1: Ball 1-1: Ball 2-1: Ball 3-1: Base on Balls
|
Batting: SHB Pepe Piña
|
0-0: Fielders Choice at 2nd, U4 (Groundball, 4M)
|
Bottom of the 1st over - 0 run(s), 0 hit(s), 1 error(s), 2 left on base; Chula Vista 0 - Salem 0 |
TOP OF THE 2ND |
Chula Vista Tacos batting - Pitching for Salem Sledgehammers : RHP Emery Graham
|
Batting: RHB Scott Green
|
0-0: Called Strike 0-1: Swinging Strike 0-2: Ball 1-2: DOUBLE (Line Drive, 78D)
|
Batting: LHB Noriaki Sangi
|
0-0: Called Strike 0-1: SINGLE (Groundball, 5D) Scott Green to third Runner from 3rd tries for Home, SAFE, no throw or cutoff
|
Batting: RHB Doug Brown
|
0-0: Ball 1-0: Ball 2-0: Called Strike 2-1: Ball 3-1: Base on Balls Noriaki Sangi to second
|
Batting: RHB Jorge Collazo
|
0-0: Ball 1-0: Fly out, F8 (Line Drive, 8RM)
|
Batting: RHB Luis Martínez
|
0-0: Foul Ball, location: 2F 0-1: Grounds into double play, 4-6-3 (Groundball, 4)
|
Top of the 2nd over - 1 run(s), 2 hit(s), 0 error(s), 1 left on base; Chula Vista 1 - Salem 0 |
BOTTOM OF THE 2ND |
Salem Sledgehammers batting - Pitching for Chula Vista Tacos : RHP Luis Trevino
|
Batting: SHB Júlio Salazar
|
0-0: Called Strike 0-1: Called Strike 0-2: Ball 1-2: Foul Ball, location: 2F 1-2: Ball 2-2: Ball 3-2: Strikes out swinging
|
Batting: LHB Brent Alonzo
|
0-0: Bunted foul 0-1: Swinging Strike 0-2: Foul Ball, location: 2F 0-2: Ball 1-2: Ball 2-2: Ball 3-2: Base on Balls
|
Batting: RHB Fernando Pérez
|
0-0: Ball Brent Alonzo is caught stealing 2nd base 1-0: Ball 2-0: Called Strike 2-1: Foul Ball, location: 2F 2-2: Strikes out swinging
|
Bottom of the 2nd over - 0 run(s), 0 hit(s), 0 error(s), 0 left on base; Chula Vista 1 - Salem 0 |
TOP OF THE 3RD |
Chula Vista Tacos batting - Pitching for Salem Sledgehammers : RHP Emery Graham
|
Batting: RHB Manuel Guerrero
|
0-0: Ball 1-0: Ball 2-0: Ball 3-0: Base on Balls
|
Batting: SHB Brian Price
|
0-0: Fly out, F4 (Popup, 4D)
|
Batting: SHB Adrián Nieto
|
0-0: Called Strike 0-1: Ball Manuel Guerrero is caught stealing 2nd base 1-1: Ball 2-1: Ground out 6-3 (Groundball, 6)
|
Top of the 3rd over - 0 run(s), 0 hit(s), 0 error(s), 0 left on base; Chula Vista 1 - Salem 0 |
BOTTOM OF THE 3RD |
Salem Sledgehammers batting - Pitching for Chula Vista Tacos : RHP Luis Trevino
|
Batting: RHB Ryan Cates
|
0-0: Swinging Strike 0-1: Swinging Strike 0-2: Ball 1-2: Foul Ball, location: 2F 1-2: Strikes out looking
|
Batting: RHB William Richardson
|
0-0: Ball 1-0: Swinging Strike 1-1: Ball 2-1: Foul Ball, location: 2F 2-2: Ball 3-2: Base on Balls
|
Batting: RHB Brandon Pope
|
0-0: Ball 1-0: Fielders Choice at 2nd, 3-6 (Groundball, 34)
|
Batting: SHB Lee Townsend
|
0-0: Ball 1-0: Foul Ball, location: 2F 1-1: Foul Ball, location: 2F 1-2: Foul Ball, location: 2F 1-2: Ball Wild Pitch! Brandon Pope to second 2-2: Strikes out looking
|
Bottom of the 3rd over - 0 run(s), 0 hit(s), 0 error(s), 1 left on base; Chula Vista 1 - Salem 0 |
TOP OF THE 4TH |
Chula Vista Tacos batting - Pitching for Salem Sledgehammers : RHP Emery Graham
|
Batting: LHB Mario Olivares
|
0-0: Fly out, F3 (Line Drive, 3L)
|
Batting: RHB Scott Green
|
0-0: Called Strike 0-1: Swinging Strike 0-2: Strikes out swinging
|
Batting: LHB Noriaki Sangi
|
0-0: SINGLE (Line Drive, 6MD)
|
Batting: RHB Doug Brown
|
0-0: Called Strike 0-1: Fly out, F7 (Flyball, 7LS)
|
Top of the 4th over - 0 run(s), 1 hit(s), 0 error(s), 1 left on base; Chula Vista 1 - Salem 0 |
BOTTOM OF THE 4TH |
Salem Sledgehammers batting - Pitching for Chula Vista Tacos : RHP Luis Trevino
|
Batting: RHB Earnest Finnegan
|
0-0: Called Strike 0-1: Fly out, F8 (Flyball, 8LM)
|
Batting: SHB Pepe Piña
|
0-0: Called Strike 0-1: Foul Ball, location: 2F 0-2: Strikes out swinging
|
Batting: SHB Júlio Salazar
|
0-0: Called Strike 0-1: Bunt missed! 0-2: Ball 1-2: Foul Ball, location: 2F 1-2: Foul Ball, location: 2F 1-2: Foul Ball, location: 2F 1-2: Ball 2-2: Strikes out swinging
|
Bottom of the 4th over - 0 run(s), 0 hit(s), 0 error(s), 0 left on base; Chula Vista 1 - Salem 0 |
TOP OF THE 5TH |
Chula Vista Tacos batting - Pitching for Salem Sledgehammers : RHP Emery Graham
|
Batting: RHB Jorge Collazo
|
0-0: Ball 1-0: Ball 2-0: Foul Ball, location: 2F 2-1: Fly out, F4 (Popup, 4M)
|
Batting: RHB Luis Martínez
|
0-0: Ground out 6-3 (Groundball, 6)
|
Batting: RHB Manuel Guerrero
|
0-0: Ball 1-0: Ball 2-0: Called Strike 2-1: Ball 3-1: Foul Ball, location: 2F 3-2: Foul Ball, location: 2F 3-2: Base on Balls
|
Batting: SHB Brian Price
|
0-0: Ball 1-0: Ball 2-0: Fly out, F5 (Popup, 25F)
|
Top of the 5th over - 0 run(s), 0 hit(s), 0 error(s), 1 left on base; Chula Vista 1 - Salem 0 |
BOTTOM OF THE 5TH |
Salem Sledgehammers batting - Pitching for Chula Vista Tacos : RHP Luis Trevino
|
Batting: LHB Brent Alonzo
|
0-0: Called Strike 0-1: Bunt missed! 0-2: Ball 1-2: Foul Ball, location: 2F 1-2: Ball 2-2: Ball 3-2: Base on Balls
|
Batting: RHB Fernando Pérez
|
0-0: Ball 1-0: Ground out 4-3 (Groundball, 4M) Brent Alonzo to second
|
Batting: RHB Ryan Cates
|
0-0: Ball 1-0: Fly out, F4 (Popup, 4M)
|
Batting: RHB William Richardson
|
0-0: Ball 1-0: Called Strike 1-1: Ball 2-1: Called Strike 2-2: Strikes out swinging
|
Bottom of the 5th over - 0 run(s), 0 hit(s), 0 error(s), 1 left on base; Chula Vista 1 - Salem 0 |
TOP OF THE 6TH |
Chula Vista Tacos batting - Pitching for Salem Sledgehammers : RHP Emery Graham
|
Batting: SHB Adrián Nieto
|
0-0: Called Strike 0-1: Called Strike 0-2: Strikes out swinging
|
Batting: LHB Mario Olivares
|
0-0: Ball 1-0: Swinging Strike 1-1: Foul Ball, location: 2F 1-2: Strikes out swinging
|
Batting: RHB Scott Green
|
0-0: Ball 1-0: Ball 2-0: Ball 3-0: Base on Balls
|
Batting: LHB Noriaki Sangi
|
0-0: Ball 1-0: Ball 2-0: Ball 3-0: Base on Balls Scott Green to second
|
Batting: RHB Doug Brown
|
0-0: SINGLE (Groundball, 25) (infield hit) Scott Green to third Noriaki Sangi to second
|
Batting: RHB Jorge Collazo
|
0-0: Ball 1-0: Called Strike 1-1: Ball 2-1: Fly out, F6 (Popup, 56D)
|
Top of the 6th over - 0 run(s), 1 hit(s), 0 error(s), 3 left on base; Chula Vista 1 - Salem 0 |
BOTTOM OF THE 6TH |
Salem Sledgehammers batting - Pitching for Chula Vista Tacos : RHP Luis Trevino
|
Batting: RHB Brandon Pope
|
0-0: Ball 1-0: Foul Ball, location: 2F 1-1: Called Strike 1-2: Hit by Pitch
|
Batting: SHB Lee Townsend
|
0-0: Ball Brandon Pope is caught stealing 2nd base 1-0: Called Strike 1-1: Ball 2-1: Foul Ball, location: 2F 2-2: Strikes out looking
|
Batting: RHB Earnest Finnegan
|
0-0: Ball 1-0: Fly out, F4 (Popup, 34)
|
Bottom of the 6th over - 0 run(s), 0 hit(s), 0 error(s), 0 left on base; Chula Vista 1 - Salem 0 |
TOP OF THE 7TH |
Chula Vista Tacos batting - Pitching for Salem Sledgehammers : RHP Emery Graham
|
Batting: RHB Luis Martínez
|
0-0: Ball 1-0: Foul Ball, location: 2F 1-1: Called Strike 1-2: Strikes out swinging
|
Batting: RHB Manuel Guerrero
|
0-0: Ball 1-0: Called Strike 1-1: Fly out, F9 (Flyball, 89M)
|
Batting: SHB Brian Price
|
0-0: Ball 1-0: Called Strike 1-1: Foul Ball, location: 2F 1-2: Ball 2-2: Ball 3-2: Foul Ball, location: 2F 3-2: Base on Balls
|
Pitching: RHP Carlos Morán
|
|
Batting: SHB Adrián Nieto
|
0-0: Called Strike 0-1: Ball 1-1: Foul Ball, location: 2F 1-2: Strikes out swinging
|
Top of the 7th over - 0 run(s), 0 hit(s), 0 error(s), 1 left on base; Chula Vista 1 - Salem 0 |
BOTTOM OF THE 7TH |
Salem Sledgehammers batting - Pitching for Chula Vista Tacos : RHP Luis Trevino
|
Batting: SHB Pepe Piña
|
0-0: Foul Ball, location: 2F 0-1: Foul Ball, location: 2F 0-2: Strikes out looking
|
Batting: SHB Júlio Salazar
|
0-0: Foul Ball, location: 2F 0-1: Called Strike 0-2: Fly out, F7 (Line Drive, 78M)
|
Batting: LHB Brent Alonzo
|
0-0: Called Strike 0-1: Ball 1-1: Swinging Strike 1-2: Strikes out looking
|
Bottom of the 7th over - 0 run(s), 0 hit(s), 0 error(s), 0 left on base; Chula Vista 1 - Salem 0 |
TOP OF THE 8TH |
Chula Vista Tacos batting - Pitching for Salem Sledgehammers : RHP Carlos Morán
|
Pitching: LHP Allen Purss
|
|
Batting: LHB Mario Olivares
|
0-0: Foul Ball, location: 2F 0-1: Called Strike 0-2: Strikes out swinging
|
Batting: RHB Scott Green
|
0-0: Called Strike 0-1: Called Strike 0-2: Ball 1-2: Strikes out swinging
|
Pitching: RHP Omar Camacho
|
|
Batting: LHB Noriaki Sangi
|
0-0: Foul Ball, location: 2F 0-1: Ball 1-1: Swinging Strike 1-2: Ball 2-2: Foul Ball, location: 2F 2-2: Strikes out swinging
|
Top of the 8th over - 0 run(s), 0 hit(s), 0 error(s), 0 left on base; Chula Vista 1 - Salem 0 |
BOTTOM OF THE 8TH |
Salem Sledgehammers batting - Pitching for Chula Vista Tacos : RHP Luis Trevino
|
Now at SS: José Aranda
|
|
Now in RF: Jaime Icaza
|
|
Batting: RHB Fernando Pérez
|
0-0: Called Strike 0-1: Ball 1-1: Ball 2-1: Fly out, F4 (Popup, 4D)
|
Batting: RHB Ryan Cates
|
0-0: Called Strike 0-1: Ball 1-1: Foul Ball, location: 2F 1-2: Fly out, F2 (Popup, 2LF)
|
Batting: RHB William Richardson
|
0-0: Called Strike 0-1: Ball 1-1: Called Strike 1-2: Fly out, F7 (Flyball, 78M)
|
Bottom of the 8th over - 0 run(s), 0 hit(s), 0 error(s), 0 left on base; Chula Vista 1 - Salem 0 |
TOP OF THE 9TH |
Chula Vista Tacos batting - Pitching for Salem Sledgehammers : RHP Omar Camacho
|
Batting: RHB Doug Brown
|
0-0: Swinging Strike 0-1: Ball 1-1: Foul Ball, location: 2F 1-2: Strikes out swinging
|
Batting: RHB Jorge Collazo
|
0-0: Called Strike 0-1: Foul Ball, location: 2F 0-2: Ball 1-2: Strikes out looking
|
Batting: RHB Luis Martínez
|
0-0: Foul Ball, location: 2F 0-1: Ball 1-1: Ball 2-1: Fly out, F7 (Flyball, 78S)
|
Top of the 9th over - 0 run(s), 0 hit(s), 0 error(s), 0 left on base; Chula Vista 1 - Salem 0 |
BOTTOM OF THE 9TH |
Salem Sledgehammers batting - Pitching for Chula Vista Tacos : RHP Luis Trevino
|
Batting: RHB Brandon Pope
|
0-0: Swinging Strike 0-1: Foul Ball, location: 2F 0-2: Ball 1-2: Ball 2-2: Foul Ball, location: 2F 2-2: SINGLE (Groundball, 56D)
|
Pitching: LHP Geoff Williams
|
|
Pinch Runner at 1st Dale Reeves:
|
|
Batting: SHB Lee Townsend
|
0-0: Foul Ball, location: 2F 0-1: Ball 1-1: Ball 2-1: Grounds into double play, 6-4-3 (Groundball, 6M)
|
Batting: RHB Earnest Finnegan
|
0-0: Ball 1-0: Foul Ball, location: 2F 1-1: Ball 2-1: Called Strike 2-2: Foul Ball, location: 2F 2-2: Foul Ball, location: 2F 2-2: Ground out 5-3 (Groundball, 56)
|
Bottom of the 9th over - 0 run(s), 1 hit(s), 0 error(s), 0 left on base; Chula Vista 1 - Salem 0 |
|